 Dungeon Crawl Stone Soup version 0.29.0-4-gdea44cf6ec (webtiles) character file.

Game seed: 1275012415910147783

304 qw the Chopper (level 6, -2/35 HPs)
             Began as a Tengu Warper on Aug 28, 2022.
             Slain by an orc warrior
             ... wielding a +0 flail
              (9 damage)
             ... on level 4 of the Dungeon.
             The game lasted 00:00:19 (4320 turns).

qw the Chopper (Tengu Warper)                       Turns: 4320, Time: 00:00:20

Health: -2/35      AC:  9    Str: 14    XL:     6   Next: 38%
Magic:  10/10      EV:  7    Int: 13    God:
Gold:   91         SH:  5    Dex: 13    Spells: 9/9 levels left

rFire   . . .      SeeInvis .   Y - +0 hand axe
rCold   . . .      Faith    .   (no shield)
rNeg    . . .      Spirit   .   b - +0 chain mail
rPois   .          Reflect  +   (helmet restricted)
rElec   .          Harm     .   (no cloak)
rCorr   .          Rampage  .   n - +0 pair of gloves
Will    .....                   (boots unavailable)
Stlth   ..........              g - amulet of reflection
HPRegen 0.11/turn               (no ring)
MPRegen 0.12/turn               (no ring)

@: flying quickly and evasively, quick
A: beak, talons 3, nimble flight
a: no special abilities


You were on level 4 of the Dungeon.
You visited 1 branch of the dungeon, and saw 4 of its levels.

You collected 149 gold pieces.
You spent 58 gold pieces at shops.


Innate Abilities, Weirdness & Mutations

You have a beak for a mouth.
You have claws for feet.
Your magical nature lets you fly swiftly and evasively.


   Skills:
 - Level 2.0 Fighting
 + Level 6.9 Axes
 - Level 1.0 Throwing
 - Level 2.0 Armour
 - Level 2.1 Dodging
 - Level 2.0 Spellcasting
 - Level 2.4 Translocations


You had 9 spell levels left.
You didn't know any spells.
Your spell library contained the following spells:

 Spells                   Type           Power      Damage    Failure   Level
 Blink                    Tloc           14%        N/A       98%         2
 Gell's Gravitas          Tloc           7%         N/A       100%        3
 Lesser Beckoning         Tloc           7%         N/A       100%        3
 Teleport Other           Tloc           7%         N/A       100%        3
 Manifold Assault         Tloc           7%         N/A       100%        5

Inventory:

Hand Weapons
 e - a +0 mace
 Y - a +0 hand axe (weapon)
Missiles
 a - a boomerang (quivered)
Armour
 b - a +0 chain mail (worn)
 n - a +0 pair of gloves (worn)
Jewellery
 g - an amulet of reflection (around neck)
Scrolls
 j - a scroll of identify
Potions
 c - a potion of might {unknown}
 d - a potion of berserk rage {unknown}
 h - a potion of haste {unknown}
 i - a potion of mutation {unknown}
 k - a potion of degeneration {unknown}
 l - a potion of flight {unknown}

Dungeon Overview and Level Annotations

Branches:
Dungeon (4/15)
 Temple: D:4-7

Altars:
Vehumet

Shops:
D:2 ([([


Message History

You fly upwards.
There is a stone staircase leading down here.
You hit the orc. Your kick misses the orc. You peck the orc.
You kill the orc!
You completely miss the orc. You hit the orc.
The orc hits you with a +0 hand axe. You block the orc's attack.
You hit the orc but do no damage. You claw the orc.
You kill the orc!
You barely miss the orc. The orc hits you but does no damage.
You hit the orc. You claw the orc, but do no damage.
The orc is heavily wounded.
The orc barely misses you.
You slash the orc!
You kill the orc!
You start resting.
HP restored.
a - a boomerang
Items here: %% )) [.
Done exploring.
Done exploring.
(D) Dungeon
Where to? (* - list waypoints, Enter - D:4, ? - help)
What level of the Dungeon? (default 1, ? - help)
There is a stone staircase leading down here.
You fly downwards.
The orc warrior hits you with a +0 flail! x2
There is a stone staircase leading up, spattered with blood here.
You hit the orc warrior but do no damage.
Your kick misses the orc warrior.
You peck the orc warrior, but do no damage.
You closely miss the orc warrior. Your peck misses the orc warrior.
The orc warrior hits you but does no damage.
You barely miss the orc warrior.
The orc warrior hits you with a +0 flail!
You hit the orc warrior.
You claw the orc warrior, but do no damage.
The orc warrior is lightly wounded.
The orc warrior hits you with a +0 flail!
You die...

## .# ..###
.... ####...
....#.#.#
###+###o.......
#......@#
#.......#
#....[..+
#......[#
#.......#
#.......#
#.......#
#.......#


You could see an orc warrior.

Vanquished Creatures
  Sigmund (D:3)
  Natasha (thrice) (D:3)
  An adder (D:3)
  3 worms
  2 dart slugs (D:3)
  4 orcs (D:3)
  A ball python (D:2)
  4 bats
  5 endoplasms
  3 giant cockroaches
  9 goblins
  2 hobgoblins (D:2)
  2 jackals (D:1)
  2 quokkas
  2 frilled lizards
  7 kobolds
  4 rats
55 creatures vanquished.

Vanquished Creatures (others)
  A fungus (D:1)
  6 plants (D:1)
7 creatures vanquished.

Grand Total: 62 creatures vanquished

Notes
Turn   | Place    | Note
-------+----------+-------------------------------------------
     0 | D:1      | qw the Tengu Warper began the quest for the Orb.
     0 | D:1      | Reached XP level 1. HP: 12/12 MP: 4/4
     0 | D:1      | 0 ||| qw: Version: 0.1-a-89-g26bdef1
     0 | D:1      | 0 ||| qw: Game counter: 15
     0 | D:1      | 0 ||| qw: Always use a shield: true
     0 | D:1      | 0 ||| qw: God list: Okawaru
     0 | D:1      | 0 ||| qw: Allow faded altars: false
     0 | D:1      | 0 ||| qw: Do Orc after D:15 true
     0 | D:1      | 0 ||| qw: Do second Lair branch before Depths: true
     0 | D:1      | 0 ||| qw: Lair rune preference: random
     0 | D:1      | 0 ||| qw: Plans: Normal
     0 | D:1      | 0 ||| PLANNING D:1-11
   242 | D:1      | Reached XP level 2. HP: 11/17 MP: 6/6
   404 | D:1      | Reached skill level 3 in Axes
   419 | D:1      | 419 ||| Stepping ~*~*~tactically~*~*~ (stealth).
   829 | D:1      | 829 ||| Stepping ~*~*~tactically~*~*~ (stealth).
   982 | D:1      | Found a faded altar of an unknown god.
  1321 | D:1      | 1321 ||| UPGRADING to +0 ring mail.
  1331 | D:1      | 1331 ||| DROPPING +0 leather armour.
  1332 | D:1      | 1332 ||| DROPPING scroll of blinking.
  1353 | D:2      | Found Ytieg's Armour Shop.
  1358 | D:2      | 1358 ||| BUYING +0 chain mail (58 gold).
  1358 | D:2      | Bought a +0 chain mail for 58 gold pieces
  1358 | D:2      | 1358 ||| SHOPLISTING +2 buckler of protection (279 gold,
                  | have 23).
  1358 | D:2      | 1358 ||| SHOPLISTING +2 chain mail of willpower (279 gold,
                  | have 23).
  1696 | D:2      | Reached XP level 3. HP: 19/21 MP: 7/7
  1718 | D:2      | Found Ettion's Weapon Shoppe.
  1758 | D:2      | 1758 ||| SHOPLISTING +0 war axe (49 gold, have 32).
  1902 | D:2      | Reached skill level 4 in Axes
  1954 | D:2      | Found Araotof's Antique Weapon Boutique.
  1972 | D:2      | 1972 ||| SHOPLISTING runed mace (138 gold, have 57).
  1972 | D:2      | 1972 ||| SHOPLISTING war axe (80 gold, have 57).
  1997 | D:2      | Found Edof's Armour Emporium.
  2001 | D:2      | 2001 ||| SHOPLISTING +2 scale mail of fire resistance (210
                  | gold, have 57).
  2001 | D:2      | 2001 ||| SHOPLISTING +3 chain mail of Integrity {Harm rC-
                  | Str-4 Int+9 Dex+3} (363 gold, have 57).
  2001 | D:2      | 2001 ||| SHOPLISTING +4 scale mail of cold resistance (310
                  | gold, have 57).
  2312 | D:2      | 2312 ||| UPGRADING to +0 chain mail.
  2322 | D:2      | 2322 ||| DROPPING +0 ring mail.
  2323 | D:2      | 2323 ||| READING scroll labelled UKHLEL MADDA.
  2328 | D:2      | 2328 ||| READING 2 scrolls labelled JONUASAGIL.
  2329 | D:2      | 2329 ||| DRINKING 3 bubbling brown potions.
  2330 | D:2      | 2330 ||| DROPPING 2 potions of attraction.
  2466 | D:3      | Noticed Natasha
  2474 | D:3      | Killed Natasha
  2475 | D:3      | Reached XP level 4. HP: 8/26 MP: 8/8
  2849 | D:3      | Noticed Sigmund
  2853 | D:3      | Noticed Natasha
  2863 | D:3      | Killed Sigmund
  2864 | D:3      | Reached skill level 6 in Axes
  2864 | D:3      | Gained mutation: Your magical nature lets you fly swiftly
                  | and evasively. [Tengu growth]
  2864 | D:3      | Reached XP level 5. HP: 25/30 MP: 9/9
  2870 | D:3      | Killed Natasha
  2871 | D:3      | Reached XP level 6. HP: 21/35 MP: 10/10
  3009 | D:3      | 3009 ||| FLEEEEING.
  3010 | D:3      | 3010 ||| FLEEEEING.
  3011 | D:3      | 3011 ||| FLEEEEING.
  3012 | D:3      | 3012 ||| FLEEEEING.
  3014 | D:3      | 3014 ||| FLEEEEING.
  3015 | D:3      | 3015 ||| FLEEEEING.
  3017 | D:3      | 3017 ||| FLEEEEING.
  3018 | D:3      | 3018 ||| FLEEEEING.
  3019 | D:3      | 3019 ||| FLEEEEING.
  3020 | D:3      | 3020 ||| FLEEEEING.
  3021 | D:3      | 3021 ||| FLEEEEING.
  3022 | D:3      | 3022 ||| FLEEEEING.
  3026 | D:3      | 3026 ||| FLEEEEING.
  3027 | D:3      | 3027 ||| FLEEEEING.
  3028 | D:3      | 3028 ||| FLEEEEING.
  3029 | D:3      | 3029 ||| FLEEEEING.
  3030 | D:3      | 3030 ||| FLEEEEING.
  3031 | D:3      | 3031 ||| FLEEEEING.
  3032 | D:3      | 3032 ||| FLEEEEING.
  3033 | D:3      | 3033 ||| FLEEEEING.
  3034 | D:3      | 3034 ||| FLEEEEING.
  3035 | D:3      | 3035 ||| FLEEEEING.
  3036 | D:3      | 3036 ||| FLEEEEING.
  3037 | D:3      | 3037 ||| FLEEEEING.
  3038 | D:3      | 3038 ||| FLEEEEING.
  3050 | D:3      | 3050 ||| FLEEEEING.
  3051 | D:3      | 3051 ||| FLEEEEING.
  3110 | D:3      | 3110 ||| Stepping ~*~*~tactically~*~*~ (stealth).
  3118 | D:3      | Found a radiant altar of Vehumet.
  3240 | D:3      | Noticed Natasha
  3247 | D:3      | Killed Natasha
  3428 | D:3      | 3428 ||| Stepping ~*~*~tactically~*~*~ (hiding).
  3429 | D:3      | 3429 ||| Stepping ~*~*~tactically~*~*~ (hiding).
  3943 | D:3      | 3943 ||| DROPPING orb of guile.
  3944 | D:3      | 3944 ||| UPGRADING to +0 pair of gloves.
  3949 | D:3      | 3949 ||| UPGRADING to amulet of reflection.
  3954 | D:3      | 3954 ||| READING scroll labelled PAPAES MASI.
  3955 | D:3      | 3955 ||| READING scroll labelled JAJAJI QEOTIA.
  3956 | D:3      | 3956 ||| Stepping randomly (stuck).
  3957 | D:3      | 3957 ||| Stepping ~*~*~tactically~*~*~ (cloud).
  3966 | D:3      | HP: 8/35 [poisoned by you (poison gas)]
  4241 | D:4      | Noticed an orc warrior
  4246 | D:4      | 4246 ||| STAIRDANCE
  4270 | D:4      | 4270 ||| STAIRDANCE
  4319 | D:4      | HP: 6/35 [orc warrior/+0 flail (14)]
  4320 | D:4      | Slain by an orc warrior

Levels and vault maps discovered:
D:1:      onia_arrival_pyramid, layout_basic,
          shapermc_ecumenical_altar_mp_ritualfount, st_stairs_7
D:2:      layout_loops_ring, serial_shops, nicolae_shop_bloodbath_and_beyond,
          shop, nicolae_shop_stone, shop
D:3:      layout_basic, general_overflow_altar, uniq_sigmund, uniq_natasha
D:4:      layout_basic, minmay_fountain_box

Skill      XL: |  1  2  3  4  5  6 |
---------------+-------------------+-----
Axes           | 3 4 6 |  6.9
Armour         | 2 |  2.0
Fighting       | |  2.0
Throwing       | |  1.0
Dodging        | |  2.1
Spellcasting   | |  2.0
Translocations | |  2.4

Action                   |  1- 3 |  4- 6 || total
-------------------------+-------+-------++-------
Melee: Hand axe          |   102 |    59 ||   161
       Kick              |    20 |    18 ||    38
       Peck              |     9 |    12 ||    21
       Punch             |     2 |       ||     2
Throw: Boomerang         |     7 |       ||     7
  Use: Scroll            |     2 |     2 ||     4
       Potion            |     1 |       ||     1
Armor: Leather armour    |    16 |       ||    16
       Ring mail         |    15 |       ||    15
       Chain mail        |     3 |    17 ||    20
Dodge: Dodged            |    46 |    14 ||    60
Block: Other             |       |     5 ||     5
       Reflection        |       |     1 ||     1

Table legend:
 A = Non-vault XP
 B = Vault XP
 C = Vault XP percentage of total XP
 D = Non-vault monster count
 E = Vault monster count
 F = Vault count percentage of total count
                 A         B        C        D         E       F
            +---------+---------+-------+---------+---------+-------
      Total |     184 |     251 |  57.7 |      51 |       4 |   7.3
            +---------+---------+-------+---------+---------+-------
        D:1 |      24 |       2 |   7.7 |      13 |       2 |  13.3
        D:2 |      32 |       0 |   0.0 |      17 |       0 |   0.0
        D:3 |     128 |     249 |  66.0 |      21 |       2 |   8.7
            +---------+---------+-------+---------+---------+-------
